Edmonton Oilers vs Vancouver Canucks
Created - Monday, December 9, 2024 at 07:53
Goals
|
| Edmonton Oilers |
2 |
2 |
1 |
5 |
| Vancouver Canucks |
1 |
0 |
1 |
2 |
|
Shots
|
| Edmonton Oilers |
6 |
8 |
8 |
22 |
| Vancouver Canucks |
14 |
11 |
9 |
34 |
|
1st period
1. Edmonton Oilers , Boone Jenner 24 (Adrian Kempe 61, Evan Bouchard 34) at 0:45
2. Edmonton Oilers , Adrian Kempe 35 (Boone Jenner 35, Jacob Trouba 27) at 14:13 (PP)
3. Vancouver Canucks , Casey Mittelstadt 26 (Artturi Lehkonen 39, Aleksander Barkov 51) at 17:35 (PP)
Penalties :
Anton Lundell (VAN) for High sticking (Double Minor) at 14:02, Scott Mayfield (EDM) for Delaying the game (Minor) at 16:50
2nd period
4. Edmonton Oilers , Brandon Carlo 4 (Adrian Kempe 62, David Perron 28) at 1:46
5. Edmonton Oilers , Corey Perry 15 (Dawson Mercer 37, Ryan McLeod 12) at 4:20
Penalties :
Jeff Carter (EDM) for Cross-checking (Minor) at 5:00, Miro Heiskanen (VAN) for Slashing (Minor) at 9:43
3rd period
6. Edmonton Oilers , Corey Perry 16 (Evan Bouchard 35, Dawson Mercer 38) at 0:55
7. Vancouver Canucks , Artturi Lehkonen 34 (Mikko Rantanen 43) at 18:46 (SH)
Penalties :
Noah Hanifin (VAN) for Goalie Interference (Minor) at 3:52, Maxence Guenette (VAN) for Fighting (Major) at 7:38, Corey Perry (EDM) for Fighting (Major) at 7:38, Taylor Raddysh (VAN) for Slashing (Minor) at 18:32
Goalie Stats
Matt Murray (EDM), 32 saves from 34 shots - (0.941), W, 7-17-2, 60:00 minutes
Joonas Korpisalo (VAN), 17 saves from 22 shots - (0.773), L, 20-15-8, 60:00 minutes
Players Stats for Edmonton Oilers
Player Name G A P +/- PIM S H SB GA TA FO MP PP MP PK MP
------------------------------------------------------------------------------------
Adrian Kempe 1 2 3 1 0 2 1 0 0 1 2/3 23:18 4:02 1:22
Alex Iafallo 0 0 0 0 0 0 0 0 0 0 0/0 5:37 0:00 0:00
Boone Jenner 1 1 2 1 0 2 3 2 0 0 10/20 19:35 4:02 1:22
Brandon Carlo 1 0 1 0 0 2 1 3 0 0 0/0 22:08 3:48 1:19
Brett Pesce 0 0 0 0 0 0 1 0 0 1 0/0 15:09 0:00 0:00
Brock Boeser 0 0 0 0 0 3 4 0 1 1 0/1 19:44 3:33 1:22
Corey Perry 2 0 2 2 5 4 2 1 0 0 0/1 13:17 0:00 0:00
David Perron 0 1 1 1 0 4 1 0 2 1 1/4 19:35 4:02 1:22
David Savard 0 0 0 3 0 0 1 1 0 2 0/0 22:43 3:47 1:25
Dawson Mercer 0 2 2 2 0 2 1 0 0 0 0/3 14:42 0:00 0:00
Derek Ryan 0 0 0 0 0 0 0 1 0 0 0/0 1:06 0:00 0:00
Evan Bouchard 0 2 2 3 0 0 0 1 0 0 0/0 22:43 3:47 1:25
Jacob Trouba 0 1 1 0 0 0 3 1 0 0 0/0 22:08 3:48 1:19
Jake DeBrusk 0 0 0 0 0 1 2 2 0 0 0/1 18:43 3:33 0:00
Jeff Carter 0 0 0 0 2 2 0 0 0 1 8/14 18:43 3:33 0:00
Morgan Barron 0 0 0 0 0 0 1 0 0 1 0/1 4:34 0:00 0:00
Ryan McLeod 0 1 1 2 0 0 1 0 0 0 4/4 18:20 0:00 0:00
Scott Mayfield 0 0 0 0 2 0 1 0 0 0 0/0 15:08 0:00 0:00
Players Stats for Vancouver Canucks
Player Name G A P +/- PIM S H SB GA TA FO MP PP MP PK MP
------------------------------------------------------------------------------------
Aleksander Barkov 0 1 1 -1 0 3 2 2 2 0 13/20 18:17 1:37 3:34
Anton Lundell 0 0 0 -2 4 0 3 0 0 0 0/3 11:16 0:00 0:00
Artturi Lehkonen 1 1 2 0 0 2 1 2 1 1 0/1 18:10 1:24 4:01
Casey Mittelstadt 1 0 1 -1 0 2 1 0 2 0 11/21 19:30 1:20 0:08
Clayton Keller 0 0 0 -1 0 3 1 0 0 0 0/1 19:22 1:24 0:00
Eemil Viro 0 0 0 0 0 1 0 0 0 0 0/0 16:28 0:00 1:11
Jake Bean 0 0 0 0 0 3 1 3 0 0 0/0 21:58 0:00 3:45
Jesperi Kotkaniemi 0 0 0 -1 0 1 2 0 0 0 0/0 12:45 0:00 0:00
Jesse Ylonen 0 0 0 0 0 1 2 0 0 0 1/2 7:41 0:00 0:00
Justin Schultz 0 0 0 -1 0 1 0 0 0 0 0/0 19:01 1:07 4:34
Kasperi Kapanen 0 0 0 -2 0 0 0 1 0 1 0/0 11:17 0:00 0:00
Maxence Guenette 0 0 0 -1 5 0 4 0 0 0 0/0 11:19 0:00 0:00
Mikko Rantanen 0 1 1 0 0 5 0 1 0 0 0/1 20:00 1:24 0:38
Miro Heiskanen 0 0 0 -2 2 1 1 2 0 0 0/0 24:44 1:37 2:40
Noah Hanifin 0 0 0 -2 2 2 4 4 1 0 0/0 24:25 1:07 3:00
Robby Fabbri 0 0 0 0 0 5 3 0 0 0 0/0 9:01 1:20 0:00
Taylor Raddysh 0 0 0 -2 2 3 5 1 1 0 2/3 15:26 1:20 3:15
Ty Dellandrea 0 0 0 0 0 1 2 0 1 1 0/0 11:40 0:00 3:34
3 Stars
1 - Adrian Kempe (EDM)
2 - Boone Jenner (EDM)
3 - Corey Perry (EDM)
Power Play
Edmonton Oilers - 1 on 5 Attempt(s) - 20.00%
Vancouver Canucks - 1 on 2 Attempt(s) - 50.00%
Penalty Kill
Edmonton Oilers - 1 on 2 Attempt(s) - 50.00%
- Score 0 goal in Penalty Kill
Vancouver Canucks - 4 on 5 Attempt(s) - 80.00%
- Score 1 goal in Penalty Kill
Team Stat
Edmonton Oilers - Hits : 23 - Faceoff Wins : 25 - Blocked Shots : 12 - Penalty Minutes : 9
Vancouver Canucks - Hits : 32 - Faceoff Wins : 27 - Blocked Shots : 16 - Penalty Minutes : 15
Official
Referees : Jake Brenk and Frederick L'Ecuyer
Linesman : Ryan Daisy and Tommy Hughes
Game Notes
Maxence Guenette and Corey Perry fight to a draw at 7:38 of 3rd period
Finance
Level 1 -- Attendance: 4987 (83.12%) -- Ticket Income $493,713
Level 2 -- Attendance: 3592 (71.84%) -- Ticket Income $211,928
Level 3 -- Attendance: 2260 (75.33%) -- Ticket Income $76,840
Level 4 -- Attendance: 3606 (72.12%) -- Ticket Income $86,544
Luxury Box -- Attendance: 754 (75.40%) -- Ticket Income $150,046
Game was played at the Rogers Arena.
Total Attendance: 15199 (76.00%)
Total Ticket Income: $1,019,071
Other Income: $356,675
Total Income: $1,375,746
Edmonton Oilers
5 vs 5 Forward
Center Left Wing Right Wing Time % Phy DF OF
1 Boone Jenner David Perron Adrian Kempe 30 1 2 2
2 Jeff Carter Jake DeBrusk Brock Boeser 30 1 2 2
3 Dawson Mercer Ryan McLeod Corey Perry 25 1 2 2
4 Ryan McLeod Adrian Kempe Alex Iafallo 15 1 2 2
5 vs 5 Defense
Defense Defense Time % Phy DF OF
1 Jacob Trouba Brandon Carlo 35 1 2 2
2 David Savard Evan Bouchard 35 1 2 2
3 Scott Mayfield Brett Pesce 30 1 2 2
4 Jacob Trouba Brandon Carlo 0 1 2 2
PowerPlay Forward
Center Left Wing Right Wing Time % Phy DF OF
1 Boone Jenner David Perron Adrian Kempe 50 1 2 2
2 Jeff Carter Jake DeBrusk Brock Boeser 50 1 2 2
PowerPlay Defense
Defense Defense Time % Phy DF OF
1 Jacob Trouba Brandon Carlo 50 1 2 2
2 David Savard Evan Bouchard 50 1 2 2
Penalty Kill 4 Players Forward
Center Wing Time % Phy DF OF
1 Adrian Kempe Brock Boeser 50 1 2 2
2 Boone Jenner David Perron 50 1 2 2
Penalty Kill 4 Players Defense
Defense Defense Time % Phy DF OF
1 Jacob Trouba Brandon Carlo 50 1 2 2
2 David Savard Evan Bouchard 50 1 2 2
Penalty Kill - 3 Players Forward
Forward Time % Phy DF OF
1 Adrian Kempe 50 1 2 2
2 Brock Boeser 50 1 2 2
Penalty Kill - 3 Players Defense
Defense Defense Time % Phy DF OF
1 Jacob Trouba Brandon Carlo 50 1 2 2
2 David Savard Evan Bouchard 50 1 2 2
4 vs 4 Forward
Center Wing Time % Phy DF OF
1 Adrian Kempe Brock Boeser 50 1 2 2
2 Boone Jenner David Perron 50 1 2 2
4 vs 4 Defense
Defense Defense Time % Phy DF OF
1 Jacob Trouba Brandon Carlo 50 1 2 2
2 David Savard Evan Bouchard 50 1 2 2
Last Minutes Offensive
Center Left Wing Right Wing Defense Defense
Boone Jenner David Perron Adrian Kempe Jacob Trouba Brandon Carlo
Last Minutes Defensive
Center Left Wing Right Wing Defense Defense
Boone Jenner David Perron Adrian Kempe Jacob Trouba Brandon Carlo
Goaltenders
Starting : Matt Murray
Backup : Juuse Saros
Extra Forwards
Normal : Morgan Barron, Derek Ryan, Corey Perry - PP : Morgan Barron, Derek Ryan - PK : Corey Perry
Extra Defensemen
Normal : Scott Mayfield, Brett Pesce, David Savard - PP : Scott Mayfield - PK : Brett Pesce, David Savard
Penalty Shots
Adrian Kempe, Brock Boeser, Boone Jenner, David Perron, Jake DeBrusk
Scratches
David Reinbacher (Healthy), Rasmus Ristolainen (Healthy), Julien Gauthier (Healthy), Tanner Jeannot (Healthy), Dylan Holloway (Healthy)
Vancouver Canucks
5 vs 5 Forward
Center Left Wing Right Wing Time % Phy DF OF
1 Casey Mittelstadt Clayton Keller Mikko Rantanen 40 1 2 2
2 Aleksander Barkov Jesperi Kotkaniemi Artturi Lehkonen 30 1 2 2
3 Anton Lundell Kasperi Kapanen Taylor Raddysh 20 1 2 2
4 Jesse Ylonen Robby Fabbri Ty Dellandrea 10 1 2 2
5 vs 5 Defense
Defense Defense Time % Phy DF OF
1 Noah Hanifin Miro Heiskanen 30 1 2 2
2 Jake Bean Eemil Viro 30 1 2 2
3 Maxence Guenette Justin Schultz 25 1 2 2
4 Noah Hanifin Miro Heiskanen 15 1 2 2
PowerPlay Forward
Center Left Wing Right Wing Time % Phy DF OF
1 Mikko Rantanen Clayton Keller Artturi Lehkonen 50 0 1 4
2 Casey Mittelstadt Taylor Raddysh Robby Fabbri 50 0 1 4
PowerPlay Defense
Defense Defense Time % Phy DF OF
1 Aleksander Barkov Miro Heiskanen 50 0 1 4
2 Noah Hanifin Justin Schultz 50 0 1 4
Penalty Kill 4 Players Forward
Center Wing Time % Phy DF OF
1 Aleksander Barkov Ty Dellandrea 50 1 2 2
2 Taylor Raddysh Artturi Lehkonen 50 1 2 2
Penalty Kill 4 Players Defense
Defense Defense Time % Phy DF OF
1 Noah Hanifin Miro Heiskanen 50 1 2 2
2 Justin Schultz Jake Bean 50 1 2 2
Penalty Kill - 3 Players Forward
Forward Time % Phy DF OF
1 Aleksander Barkov 50 1 2 2
2 Ty Dellandrea 50 1 2 2
Penalty Kill - 3 Players Defense
Defense Defense Time % Phy DF OF
1 Noah Hanifin Miro Heiskanen 50 1 2 2
2 Jake Bean Justin Schultz 50 1 2 2
4 vs 4 Forward
Center Wing Time % Phy DF OF
1 Mikko Rantanen Clayton Keller 50 1 2 2
2 Casey Mittelstadt Aleksander Barkov 50 1 2 2
4 vs 4 Defense
Defense Defense Time % Phy DF OF
1 Noah Hanifin Miro Heiskanen 50 1 2 2
2 Justin Schultz Maxence Guenette 50 1 2 2
Last Minutes Offensive
Center Left Wing Right Wing Defense Defense
Aleksander Barkov Clayton Keller Mikko Rantanen Noah Hanifin Miro Heiskanen
Last Minutes Defensive
Center Left Wing Right Wing Defense Defense
Aleksander Barkov Clayton Keller Mikko Rantanen Noah Hanifin Miro Heiskanen
Goaltenders
Starting : Joonas Korpisalo
Backup : Ville Husso
Extra Forwards
Normal : Aleksander Barkov, Mikko Rantanen, Clayton Keller - PP : Clayton Keller, Anton Lundell - PK : Mikko Rantanen
Extra Defensemen
Normal : Noah Hanifin, Miro Heiskanen, Jake Bean - PP : Noah Hanifin - PK : Noah Hanifin, Miro Heiskanen
Penalty Shots
Aleksander Barkov, Mikko Rantanen, Clayton Keller, Taylor Raddysh, Casey Mittelstadt
Scratches
Adam Boqvist (Left Foot Injury), Kim Nousiainen (Healthy), Jacob Bryson (Healthy), Oskar Back (Healthy), Justus Annunen (Healthy)
% Time on Ice - Edmonton Oilers
Lines # - Real PCT - Wanted PCT - Time Play
Normal Forward
1 - 29% - 30% - 14:12
2 - 31% - 30% - 15:10
3 - 30% - 25% - 14:42
4 - 11% - 15% - 5:37
Normal Defense
1 - 34% - 35% - 17:01
2 - 35% - 35% - 17:31
3 - 30% - 30% - 15:09
4 - 0% - 0% - 0:00
PP Forward
1 - 53% - 50% - 4:02
2 - 47% - 50% - 3:33
PP Defense
1 - 50% - 50% - 3:48
2 - 50% - 50% - 3:47
PK Forward
1 - 50% - 50% - 1:22
2 - 50% - 50% - 1:22
PK Defense
1 - 48% - 50% - 1:19
2 - 52% - 50% - 1:25
PK3 Forward
1 - 0% - 50%
2 - 0% - 50%
PK3 Defense
1 - 0% - 50%
2 - 0% - 50%
44 Forward
1 - 0% - 50%
2 - 0% - 50%
44 Defense
1 - 0% - 50%
2 - 0% - 50%
Last Minute Offensive - 0:00
Last Minute Defensive - 0:00
Total
Forward - 60:00
Defense - 60:00
|
% Time on Ice - Vancouver Canucks
Lines # - Real PCT - Wanted PCT - Time Play
Normal Forward
1 - 36% - 40% - 17:58
2 - 26% - 30% - 12:45
3 - 23% - 20% - 11:17
4 - 15% - 10% - 7:41
Normal Defense
1 - 30% - 30% - 14:58
2 - 31% - 30% - 15:17
3 - 26% - 25% - 13:05
4 - 13% - 15% - 6:21
PP Forward
1 - 51% - 50% - 1:24
2 - 49% - 50% - 1:20
PP Defense
1 - 59% - 50% - 1:37
2 - 41% - 50% - 1:07
PK Forward
1 - 47% - 50% - 3:34
2 - 53% - 50% - 4:01
PK Defense
1 - 58% - 50% - 4:25
2 - 42% - 50% - 3:10
PK3 Forward
1 - 0% - 50%
2 - 0% - 50%
PK3 Defense
1 - 0% - 50%
2 - 0% - 50%
44 Forward
1 - 0% - 50%
2 - 0% - 50%
44 Defense
1 - 0% - 50%
2 - 0% - 50%
Last Minute Offensive - 0:00
Last Minute Defensive - 0:00
Total
Forward - 60:00
Defense - 60:00
|
Play-by-Play
1st period
0:01 of 1st period - Adrian Kempe wins face-off versus Casey Mittelstadt in neutral zone.
0:16 of 1st period - Snap shot by Mikko Rantanen.
0:16 of 1st period - Stopped by Matt Murray with a rebound.
0:45 of 1st period - Wrist shot by Boone Jenner.
0:45 of 1st period - Goal by Boone Jenner - Edmonton Oilers : 1 - Vancouver Canucks : 0.
0:46 of 1st period - Jeff Carter wins face-off versus Aleksander Barkov in neutral zone.
1:12 of 1st period - Jake Bean is hit by Scott Mayfield and loses puck.
1:33 of 1st period - Snap shot by Mikko Rantanen.
1:33 of 1st period - Shot Blocked by Boone Jenner.
1:57 of 1st period - Snap shot by Adrian Kempe.
1:57 of 1st period - Shot Blocked by Noah Hanifin.
2:04 of 1st period - Off-side.
2:05 of 1st period - Ryan McLeod wins face-off versus Aleksander Barkov in neutral zone.
2:12 of 1st period - Snap shot by Ryan McLeod.
2:12 of 1st period - Shot Blocked by Aleksander Barkov.
2:20 of 1st period - Slapshot by Ryan McLeod.
2:20 of 1st period - Shot Blocked by Artturi Lehkonen.
3:24 of 1st period - Wrist shot by Adrian Kempe.
3:24 of 1st period - Shot Misses the Net.
3:39 of 1st period - Off-side.
3:40 of 1st period - Jeff Carter wins face-off versus Casey Mittelstadt in neutral zone.
4:37 of 1st period - Snap shot by Jesse Ylonen.
4:37 of 1st period - Stopped by Matt Murray with a rebound.
4:39 of 1st period - Slapshot by Justin Schultz.
4:39 of 1st period - Stopped by Matt Murray with a rebound.
4:41 of 1st period - Snap shot by Justin Schultz.
4:41 of 1st period - Shot Misses the Net.
4:43 of 1st period - Slapshot by Jesse Ylonen.
4:43 of 1st period - Shot Blocked by Derek Ryan.
4:45 of 1st period - Wrist shot by Ty Dellandrea.
4:45 of 1st period - Deflect By Jesse Ylonen.
4:45 of 1st period - Shot Misses the Net.
4:45 of 1st period - Puck is out of play.
4:46 of 1st period - Casey Mittelstadt wins face-off versus Jeff Carter in Edmonton Oilers zone.
5:29 of 1st period - Slapshot by Brock Boeser.
5:29 of 1st period - Stopped by Joonas Korpisalo with a rebound.
6:09 of 1st period - Ryan McLeod is hit by Taylor Raddysh.
6:27 of 1st period - Aleksander Barkov is hit by Morgan Barron and loses puck.
7:02 of 1st period - Snap shot by Mikko Rantanen.
7:02 of 1st period - Stopped by Matt Murray with a rebound.
7:04 of 1st period - Snap shot by Mikko Rantanen.
7:04 of 1st period - Stopped by Matt Murray without a rebound.
7:05 of 1st period - Ryan McLeod wins face-off versus Anton Lundell in Edmonton Oilers zone.
7:15 of 1st period - Maxence Guenette is hit by Brandon Carlo.
7:31 of 1st period - Clayton Keller is hit by Jacob Trouba.
7:39 of 1st period - Wrist shot by Clayton Keller.
7:39 of 1st period - Stopped by Matt Murray with a rebound.
8:29 of 1st period - Off-side.
8:30 of 1st period - Boone Jenner wins face-off versus Anton Lundell in neutral zone.
9:07 of 1st period - Snap shot by Mikko Rantanen.
9:07 of 1st period - Shot Blocked by Brandon Carlo.
9:27 of 1st period - Ryan McLeod is hit by Maxence Guenette and loses puck.
9:38 of 1st period - Brandon Carlo is hit by Robby Fabbri and loses puck.
11:35 of 1st period - Wrist shot by Aleksander Barkov.
11:35 of 1st period - Stopped by Matt Murray without a rebound.
11:36 of 1st period - Jeff Carter wins face-off versus Artturi Lehkonen in Edmonton Oilers zone.
12:37 of 1st period - Wrist shot by David Perron.
12:37 of 1st period - Shot Blocked by Noah Hanifin.
12:55 of 1st period - Wrist shot by Robby Fabbri.
12:55 of 1st period - Stopped by Matt Murray with a rebound.
12:57 of 1st period - Wrist shot by Robby Fabbri.
12:57 of 1st period - Stopped by Matt Murray with a rebound.
12:59 of 1st period - Slapshot by Noah Hanifin.
12:59 of 1st period - Shot Misses the Net.
14:02 of 1st period - Double Minor Penalty to Anton Lundell for High sticking.
14:03 of 1st period - Aleksander Barkov wins face-off versus Boone Jenner in Vancouver Canucks zone.
14:13 of 1st period - Slapshot by Adrian Kempe.
14:13 of 1st period - Goal by Adrian Kempe - Edmonton Oilers : 2 - Vancouver Canucks : 0.
14:14 of 1st period - David Perron wins face-off versus Aleksander Barkov in neutral zone.
14:36 of 1st period - Icing by Adrian Kempe.
14:37 of 1st period - Taylor Raddysh wins face-off versus Boone Jenner in Edmonton Oilers zone.
14:58 of 1st period - Snap shot by Boone Jenner.
14:58 of 1st period - Shot Misses the Net.
15:00 of 1st period - Slapshot by Brandon Carlo.
15:00 of 1st period - Stopped by Joonas Korpisalo without a rebound.
15:01 of 1st period - Jeff Carter wins face-off versus Aleksander Barkov in Vancouver Canucks zone.
15:30 of 1st period - Evan Bouchard is hit by Artturi Lehkonen and loses puck.
16:13 of 1st period - Penalty to Anton Lundell is over, Anton Lundell is back on ice.
16:15 of 1st period - Off-side.
16:16 of 1st period - Casey Mittelstadt wins face-off versus Corey Perry in neutral zone.
16:27 of 1st period - Wrist shot by Dawson Mercer.
16:27 of 1st period - Stopped by Joonas Korpisalo with a rebound.
16:29 of 1st period - Wrist shot by Ryan McLeod.
16:29 of 1st period - Shot Blocked by Jake Bean.
16:31 of 1st period - Slapshot by Brett Pesce.
16:31 of 1st period - Shot Hit the Post.
16:50 of 1st period - Minor Penalty to Scott Mayfield for Delaying the game.
16:51 of 1st period - Casey Mittelstadt wins face-off versus Adrian Kempe in Edmonton Oilers zone.
16:57 of 1st period - Snap shot by Robby Fabbri.
16:57 of 1st period - Stopped by Matt Murray with a rebound.
16:59 of 1st period - Slapshot by Aleksander Barkov.
16:59 of 1st period - Shot Blocked by Jacob Trouba.
17:01 of 1st period - Slapshot by Miro Heiskanen.
17:01 of 1st period - Deflect By Taylor Raddysh.
17:01 of 1st period - Stopped by Matt Murray with a rebound.
17:03 of 1st period - Wrist shot by Robby Fabbri.
17:03 of 1st period - Stopped by Matt Murray with a rebound.
17:35 of 1st period - Snap shot by Casey Mittelstadt.
17:35 of 1st period - Goal by Casey Mittelstadt - Edmonton Oilers : 2 - Vancouver Canucks : 1.
17:36 of 1st period - Boone Jenner wins face-off versus Casey Mittelstadt in neutral zone.
17:41 of 1st period - Wrist shot by Adrian Kempe.
17:41 of 1st period - Shot Blocked by Noah Hanifin.
17:43 of 1st period - Slapshot by Jacob Trouba.
17:43 of 1st period - Shot Blocked by Noah Hanifin.
17:51 of 1st period - Wrist shot by David Perron.
17:51 of 1st period - Stopped by Joonas Korpisalo without a rebound.
17:52 of 1st period - Aleksander Barkov wins face-off versus Dawson Mercer in Vancouver Canucks zone.
17:57 of 1st period - Slapshot by Noah Hanifin.
17:57 of 1st period - Stopped by Matt Murray with a rebound.
18:17 of 1st period - Mikko Rantanen is hit by Adrian Kempe and loses puck.
18:38 of 1st period - Wrist shot by Jeff Carter.
18:38 of 1st period - Shot Misses the Net.
18:40 of 1st period - Slapshot by Brock Boeser.
18:40 of 1st period - Shot Misses the Net.
18:48 of 1st period - Backhand shot by Jeff Carter.
18:48 of 1st period - Shot Blocked by Kasperi Kapanen.
Goals for this period are 2 for Edmonton Oilers vs 1 for Vancouver Canucks.
Shots for this period are 6 for Edmonton Oilers vs 14 for Vancouver Canucks.
2nd period
0:01 of 2nd period - Boone Jenner wins face-off versus Casey Mittelstadt in neutral zone.
0:30 of 2nd period - Dawson Mercer is hit by Noah Hanifin and loses puck.
0:47 of 2nd period - Wrist shot by Jeff Carter.
0:47 of 2nd period - Stopped by Joonas Korpisalo without a rebound.
0:48 of 2nd period - Jeff Carter wins face-off versus Taylor Raddysh in Vancouver Canucks zone.
0:49 of 2nd period - Snap shot by Brock Boeser.
0:49 of 2nd period - Stopped by Joonas Korpisalo without a rebound.
0:50 of 2nd period - Jeff Carter wins face-off versus Anton Lundell in Vancouver Canucks zone.
1:02 of 2nd period - Snap shot by Taylor Raddysh.
1:02 of 2nd period - Stopped by Matt Murray without a rebound.
1:03 of 2nd period - Casey Mittelstadt wins face-off versus Boone Jenner in Edmonton Oilers zone.
1:06 of 2nd period - Slapshot by Clayton Keller.
1:06 of 2nd period - Stopped by Matt Murray without a rebound.
1:07 of 2nd period - Boone Jenner wins face-off versus Mikko Rantanen in Edmonton Oilers zone.
1:12 of 2nd period - Snap shot by David Perron.
1:12 of 2nd period - Deflect By Adrian Kempe.
1:12 of 2nd period - Shot Misses the Net.
1:12 of 2nd period - Puck is out of play.
1:13 of 2nd period - Casey Mittelstadt wins face-off versus David Perron in Vancouver Canucks zone.
1:42 of 2nd period - Snap shot by David Perron.
1:42 of 2nd period - Stopped by Joonas Korpisalo with a rebound.
1:44 of 2nd period - Snap shot by Adrian Kempe.
1:44 of 2nd period - Shot Blocked by Miro Heiskanen.
1:46 of 2nd period - Snap shot by Brandon Carlo.
1:46 of 2nd period - Goal by Brandon Carlo - Edmonton Oilers : 3 - Vancouver Canucks : 1.
1:47 of 2nd period - Aleksander Barkov wins face-off versus Dawson Mercer in neutral zone.
1:52 of 2nd period - Snap shot by Artturi Lehkonen.
1:52 of 2nd period - Shot Misses the Net.
1:54 of 2nd period - Snap shot by Jesperi Kotkaniemi.
1:54 of 2nd period - Shot Blocked by Corey Perry.
1:56 of 2nd period - Snap shot by Aleksander Barkov.
1:56 of 2nd period - Stopped by Matt Murray with a rebound.
1:58 of 2nd period - Snap shot by Artturi Lehkonen.
1:58 of 2nd period - Stopped by Matt Murray with a rebound.
2:00 of 2nd period - Slapshot by Noah Hanifin.
2:00 of 2nd period - Stopped by Matt Murray with a rebound.
2:02 of 2nd period - Snap shot by Aleksander Barkov.
2:02 of 2nd period - Stopped by Matt Murray with a rebound.
2:33 of 2nd period - Wrist shot by Anton Lundell.
2:33 of 2nd period - Shot Misses the Net.
2:58 of 2nd period - Adrian Kempe is hit by Robby Fabbri and loses puck.
3:15 of 2nd period - Brett Pesce is hit by Noah Hanifin and loses puck.
3:36 of 2nd period - Snap shot by Brock Boeser.
3:36 of 2nd period - Deflect By Jeff Carter.
3:36 of 2nd period - Shot Blocked by Miro Heiskanen.
3:36 of 2nd period - Puck is out of play.
3:37 of 2nd period - Aleksander Barkov wins face-off versus Jeff Carter in Vancouver Canucks zone.
3:37 of 2nd period - Artturi Lehkonen is hit by Brock Boeser.
3:45 of 2nd period - Wrist shot by Artturi Lehkonen.
3:45 of 2nd period - Shot Blocked by David Savard.
3:47 of 2nd period - Slapshot by Jake Bean.
3:47 of 2nd period - Stopped by Matt Murray without a rebound.
3:48 of 2nd period - Boone Jenner wins face-off versus Casey Mittelstadt in Edmonton Oilers zone.
4:14 of 2nd period - Miro Heiskanen is hit by Corey Perry.
4:20 of 2nd period - Wrist shot by Corey Perry.
4:20 of 2nd period - Deflect By Artturi Lehkonen.
4:20 of 2nd period - Goal by Corey Perry - Edmonton Oilers : 4 - Vancouver Canucks : 1.
4:21 of 2nd period - Ryan McLeod wins face-off versus Casey Mittelstadt in neutral zone.
4:46 of 2nd period - Jeff Carter is hit by Noah Hanifin and loses puck.
5:00 of 2nd period - Minor Penalty to Jeff Carter for Cross-checking.
5:01 of 2nd period - Casey Mittelstadt wins face-off versus Boone Jenner in Edmonton Oilers zone.
5:07 of 2nd period - Snap shot by Robby Fabbri.
5:07 of 2nd period - Shot Blocked by Brandon Carlo.
5:09 of 2nd period - Slapshot by Noah Hanifin.
5:09 of 2nd period - Shot Blocked by Brandon Carlo.
6:03 of 2nd period - Adrian Kempe is hit by Robby Fabbri and loses puck.
7:00 of 2nd period - Penalty to Jeff Carter is over, Jeff Carter is back on ice.
7:20 of 2nd period - Dawson Mercer is hit by Ty Dellandrea and loses puck.
8:21 of 2nd period - Icing by Jesse Ylonen.
8:22 of 2nd period - Jesse Ylonen wins face-off versus Morgan Barron in Vancouver Canucks zone.
9:43 of 2nd period - Minor Penalty to Miro Heiskanen for Slashing.
9:44 of 2nd period - Jeff Carter wins face-off versus Aleksander Barkov in Vancouver Canucks zone.
9:48 of 2nd period - Slapshot by Brock Boeser.
9:48 of 2nd period - Shot Misses the Net.
9:57 of 2nd period - Off-side.
9:58 of 2nd period - Taylor Raddysh wins face-off versus Boone Jenner in neutral zone.
10:12 of 2nd period - Snap shot by Adrian Kempe.
10:12 of 2nd period - Shot Blocked by Artturi Lehkonen.
10:14 of 2nd period - Slapshot by David Savard.
10:14 of 2nd period - Shot Blocked by Taylor Raddysh.
10:30 of 2nd period - Ty Dellandrea is hit by Jake DeBrusk and loses puck.
10:47 of 2nd period - David Perron is hit by Taylor Raddysh and loses puck.
11:43 of 2nd period - Penalty to Miro Heiskanen is over, Miro Heiskanen is back on ice.
12:01 of 2nd period - Casey Mittelstadt is hit by Ryan McLeod.
12:13 of 2nd period - Scott Mayfield is hit by Anton Lundell and loses puck.
12:24 of 2nd period - Dawson Mercer is hit by Maxence Guenette and loses puck.
12:49 of 2nd period - Evan Bouchard is hit by Aleksander Barkov.
12:59 of 2nd period - Brandon Carlo is hit by Taylor Raddysh and loses puck.
13:27 of 2nd period - Scott Mayfield is hit by Jake Bean and loses puck.
13:42 of 2nd period - Jeff Carter is hit by Aleksander Barkov and loses puck.
13:47 of 2nd period - Slapshot by Aleksander Barkov.
13:47 of 2nd period - Shot Blocked by Jake DeBrusk.
14:03 of 2nd period - Snap shot by Boone Jenner.
14:03 of 2nd period - Shot Misses the Net.
14:05 of 2nd period - Slapshot by Scott Mayfield.
14:05 of 2nd period - Shot Misses the Net.
14:31 of 2nd period - Maxence Guenette is hit by Boone Jenner.
14:52 of 2nd period - Brandon Carlo is hit by Maxence Guenette and loses puck.
15:55 of 2nd period - David Savard is hit by Jesse Ylonen and loses puck.
16:16 of 2nd period - Jake DeBrusk is hit by Jesperi Kotkaniemi.
16:31 of 2nd period - Ryan McLeod is hit by Anton Lundell and loses puck.
16:47 of 2nd period - Icing by Noah Hanifin.
16:48 of 2nd period - Boone Jenner wins face-off versus Clayton Keller in Vancouver Canucks zone.
16:57 of 2nd period - Snap shot by Clayton Keller.
16:57 of 2nd period - Stopped by Matt Murray with a rebound.
16:59 of 2nd period - Wrist shot by Mikko Rantanen.
16:59 of 2nd period - Stopped by Matt Murray without a rebound.
17:00 of 2nd period - Casey Mittelstadt wins face-off versus Jeff Carter in Edmonton Oilers zone.
17:10 of 2nd period - Wrist shot by Brock Boeser.
17:10 of 2nd period - Deflect By Jake DeBrusk.
17:10 of 2nd period - Stopped by Joonas Korpisalo without a rebound.
17:11 of 2nd period - Boone Jenner wins face-off versus Casey Mittelstadt in Vancouver Canucks zone.
17:16 of 2nd period - Snap shot by David Perron.
17:16 of 2nd period - Stopped by Joonas Korpisalo with a rebound.
17:18 of 2nd period - Wrist shot by Adrian Kempe.
17:18 of 2nd period - Shot Misses the Net.
17:20 of 2nd period - Wrist shot by Boone Jenner.
17:20 of 2nd period - Shot Misses the Net.
17:22 of 2nd period - Slapshot by Brandon Carlo.
17:22 of 2nd period - Shot Misses the Net.
17:24 of 2nd period - Wrist shot by Boone Jenner.
17:24 of 2nd period - Shot Misses the Net.
17:26 of 2nd period - Slapshot by Jacob Trouba.
17:26 of 2nd period - Shot Blocked by Mikko Rantanen.
17:36 of 2nd period - Jake Bean is hit by Jacob Trouba and loses puck.
17:43 of 2nd period - Clayton Keller is hit by Corey Perry and loses puck.
17:50 of 2nd period - Brandon Carlo is hit by Maxence Guenette and loses puck.
18:37 of 2nd period - Wrist shot by Corey Perry.
18:37 of 2nd period - Stopped by Joonas Korpisalo with a rebound.
18:45 of 2nd period - Brandon Carlo is hit by Casey Mittelstadt.
19:13 of 2nd period - Wrist shot by Clayton Keller.
19:13 of 2nd period - Shot Misses the Net.
19:15 of 2nd period - Wrist shot by Clayton Keller.
19:15 of 2nd period - Shot Misses the Net.
19:17 of 2nd period - Snap shot by Jake Bean.
19:17 of 2nd period - Stopped by Matt Murray with a rebound.
19:27 of 2nd period - Snap shot by Casey Mittelstadt.
19:27 of 2nd period - Stopped by Matt Murray without a rebound.
19:28 of 2nd period - Boone Jenner wins face-off versus Aleksander Barkov in Edmonton Oilers zone.
19:56 of 2nd period - Kasperi Kapanen is hit by Brett Pesce and loses puck.
Goals for this period are 2 for Edmonton Oilers vs 0 for Vancouver Canucks.
Shots for this period are 8 for Edmonton Oilers vs 11 for Vancouver Canucks.
3rd period
0:01 of 3rd period - Aleksander Barkov wins face-off versus Boone Jenner in neutral zone.
0:55 of 3rd period - Wrist shot by Corey Perry.
0:55 of 3rd period - Goal by Corey Perry - Edmonton Oilers : 5 - Vancouver Canucks : 1.
0:56 of 3rd period - Aleksander Barkov wins face-off versus Boone Jenner in neutral zone.
1:21 of 3rd period - Clayton Keller is hit by Jake DeBrusk.
1:25 of 3rd period - Jeff Carter is hit by Clayton Keller.
1:48 of 3rd period - Jake DeBrusk is hit by Jesse Ylonen and loses puck.
1:55 of 3rd period - Snap shot by Ty Dellandrea.
1:55 of 3rd period - Stopped by Matt Murray without a rebound.
1:56 of 3rd period - Aleksander Barkov wins face-off versus Boone Jenner in Edmonton Oilers zone.
2:47 of 3rd period - Slapshot by Taylor Raddysh.
2:47 of 3rd period - Shot Misses the Net.
3:23 of 3rd period - Brandon Carlo is hit by Miro Heiskanen and loses puck.
3:52 of 3rd period - Minor Penalty to Noah Hanifin for Goalie Interference.
3:53 of 3rd period - Aleksander Barkov wins face-off versus Jeff Carter in Vancouver Canucks zone.
4:03 of 3rd period - Slapshot by Brandon Carlo.
4:03 of 3rd period - Deflect By Jake DeBrusk.
4:03 of 3rd period - Shot Blocked by Aleksander Barkov.
4:03 of 3rd period - Puck is out of play.
4:04 of 3rd period - Aleksander Barkov wins face-off versus Brock Boeser in Vancouver Canucks zone.
4:39 of 3rd period - Snap shot by David Perron.
4:39 of 3rd period - Shot Misses the Net.
4:58 of 3rd period - Icing by Brandon Carlo.
4:59 of 3rd period - Boone Jenner wins face-off versus Aleksander Barkov in Edmonton Oilers zone.
5:52 of 3rd period - Penalty to Noah Hanifin is over, Noah Hanifin is back on ice.
6:05 of 3rd period - Mikko Rantanen is hit by Dawson Mercer and loses puck.
6:22 of 3rd period - Adrian Kempe is hit by Anton Lundell and loses puck.
6:27 of 3rd period - Jacob Trouba is hit by Taylor Raddysh and loses puck.
7:07 of 3rd period - Noah Hanifin is hit by David Perron.
7:17 of 3rd period - Slapshot by David Perron.
7:17 of 3rd period - Shot Misses the Net.
7:29 of 3rd period - Slapshot by Corey Perry.
7:29 of 3rd period - Stopped by Joonas Korpisalo with a rebound.
7:31 of 3rd period - Snap shot by Dawson Mercer.
7:31 of 3rd period - Stopped by Joonas Korpisalo without a rebound.
7:32 of 3rd period - Aleksander Barkov wins face-off versus Dawson Mercer in Vancouver Canucks zone.
7:38 of 3rd period - Maxence Guenette and Corey Perry fight to a draw.
7:38 of 3rd period - Penalty to Maxence Guenette for Fighting.
7:38 of 3rd period - Penalty to Corey Perry for Fighting.
7:39 of 3rd period - Boone Jenner wins face-off versus Casey Mittelstadt in Edmonton Oilers zone.
7:48 of 3rd period - Snap shot by Adrian Kempe.
7:48 of 3rd period - Stopped by Joonas Korpisalo without a rebound.
7:49 of 3rd period - Adrian Kempe wins face-off versus Casey Mittelstadt in Vancouver Canucks zone.
7:50 of 3rd period - Snap shot by David Perron.
7:50 of 3rd period - Stopped by Joonas Korpisalo without a rebound.
7:51 of 3rd period - Casey Mittelstadt wins face-off versus Boone Jenner in Vancouver Canucks zone.
9:02 of 3rd period - Wrist shot by Adrian Kempe.
9:02 of 3rd period - Shot Blocked by Jake Bean.
9:04 of 3rd period - Wrist shot by Ryan McLeod.
9:04 of 3rd period - Shot Blocked by Jake Bean.
9:14 of 3rd period - Taylor Raddysh is hit by Brock Boeser and loses puck.
9:31 of 3rd period - Casey Mittelstadt is hit by Boone Jenner and loses puck.
10:14 of 3rd period - Snap shot by Brock Boeser.
10:14 of 3rd period - Stopped by Joonas Korpisalo without a rebound.
10:15 of 3rd period - Jeff Carter wins face-off versus Jesse Ylonen in Vancouver Canucks zone.
10:46 of 3rd period - Wrist shot by Miro Heiskanen.
10:46 of 3rd period - Stopped by Matt Murray with a rebound.
10:54 of 3rd period - Snap shot by Robby Fabbri.
10:54 of 3rd period - Stopped by Matt Murray with a rebound.
11:10 of 3rd period - Wrist shot by Miro Heiskanen.
11:10 of 3rd period - Shot Misses the Net.
11:12 of 3rd period - Slapshot by Robby Fabbri.
11:12 of 3rd period - Shot Blocked by Evan Bouchard.
11:14 of 3rd period - Snap shot by Robby Fabbri.
11:14 of 3rd period - Deflect By Ty Dellandrea.
11:14 of 3rd period - Shot Misses the Net.
11:14 of 3rd period - Puck is out of play.
11:15 of 3rd period - Casey Mittelstadt wins face-off versus Jake DeBrusk in Edmonton Oilers zone.
11:16 of 3rd period - Wrist shot by Mikko Rantanen.
11:16 of 3rd period - Stopped by Matt Murray with a rebound.
12:01 of 3rd period - Wrist shot by Kasperi Kapanen.
12:01 of 3rd period - Shot Blocked by Jake DeBrusk.
12:03 of 3rd period - Wrist shot by Taylor Raddysh.
12:03 of 3rd period - Stopped by Matt Murray with a rebound.
12:05 of 3rd period - Wrist shot by Anton Lundell.
12:05 of 3rd period - Shot Misses the Net.
12:07 of 3rd period - Slapshot by Eemil Viro.
12:07 of 3rd period - Stopped by Matt Murray with a rebound.
12:09 of 3rd period - Snap shot by Jake Bean.
12:09 of 3rd period - Stopped by Matt Murray without a rebound.
12:10 of 3rd period - Casey Mittelstadt wins face-off versus David Perron in Edmonton Oilers zone.
12:21 of 3rd period - Snap shot by Boone Jenner.
12:21 of 3rd period - Stopped by Joonas Korpisalo with a rebound.
12:54 of 3rd period - Jake DeBrusk is hit by Taylor Raddysh and loses puck.
13:17 of 3rd period - Off-side.
13:18 of 3rd period - Ryan McLeod wins face-off versus Casey Mittelstadt in neutral zone.
13:47 of 3rd period - Snap shot by Aleksander Barkov.
13:47 of 3rd period - Deflect By Jesperi Kotkaniemi.
13:47 of 3rd period - Stopped by Matt Murray with a rebound.
14:51 of 3rd period - Backhand shot by Jake DeBrusk.
14:51 of 3rd period - Shot Misses the Net.
14:53 of 3rd period - Snap shot by Jeff Carter.
14:53 of 3rd period - Stopped by Joonas Korpisalo without a rebound.
14:54 of 3rd period - Aleksander Barkov wins face-off versus David Perron in Vancouver Canucks zone.
15:01 of 3rd period - David Perron is hit by Jesperi Kotkaniemi and loses puck.
16:01 of 3rd period - Clayton Keller is hit by Boone Jenner and loses puck.
16:22 of 3rd period - Taylor Raddysh is hit by David Savard.
16:53 of 3rd period - Backhand shot by Miro Heiskanen.
16:53 of 3rd period - Shot Blocked by Boone Jenner.
17:11 of 3rd period - Snap shot by Corey Perry.
17:11 of 3rd period - Shot Misses the Net.
17:33 of 3rd period - Brock Boeser is hit by Noah Hanifin and loses puck.
17:39 of 3rd period - Icing by Jake DeBrusk.
17:40 of 3rd period - Casey Mittelstadt wins face-off versus Jeff Carter in Edmonton Oilers zone.
18:32 of 3rd period - Minor Penalty to Taylor Raddysh for Slashing.
18:33 of 3rd period - Aleksander Barkov wins face-off versus Boone Jenner in Vancouver Canucks zone.
18:46 of 3rd period - Wrist shot by Artturi Lehkonen.
18:46 of 3rd period - Goal by Artturi Lehkonen - Edmonton Oilers : 5 - Vancouver Canucks : 2.
18:47 of 3rd period - Aleksander Barkov wins face-off versus Jeff Carter in neutral zone.
18:50 of 3rd period - Jeff Carter is hit by Ty Dellandrea.
18:54 of 3rd period - Ty Dellandrea is hit by Brock Boeser and loses puck.
19:37 of 3rd period - Ty Dellandrea is hit by Brock Boeser.
19:41 of 3rd period - Miro Heiskanen is hit by Jacob Trouba.
Goals for this period are 1 for Edmonton Oilers vs 1 for Vancouver Canucks.
Shots for this period are 8 for Edmonton Oilers vs 9 for Vancouver Canucks.
Back to the Top